Map: Cerulean Fall LE

Players

OldGregg

  • Race: Zerg Zerg
  • League: Platinum
  • Spawn Location: 1:00

Poy - Winner!

  • Race: Protoss Protoss
  • Spawn Location: 7:00

VOD

Have the link to the VOD?

Description

Time

  • Played on: Dec. 1, 2018, 1:12 p.m.
  • Length: 4:30
Show
View Real Time Build Order
Export as new Build Order

OldGregg Zerg 

Build Orders: Hatch First 

Get SALT Encoding   

  12  0:01  Drone  
  13  0:13  Overlord  
  13  0:19  Drone  
  14  0:32  Drone x2  
  17  0:35  Drone  
  17  0:55  Hatchery  
  17  0:57  Drone  
  17  1:00  Drone  
  18  1:11  Extractor  
  17  1:16  Spawning Pool  
  16  1:20  Drone  
  16  1:24  Drone  
  18  1:30  Drone  
  19  1:40  Overlord  
  19  1:52  Drone  
  20  2:04  Zergling x2  
  21  2:11  Drone  
  22  2:32  Spine Crawler  
  22  2:33  Zergling x4  
  22  2:34  Zergling x2  
  23  2:40  Queen  
  25  2:49  Spine Crawler  
  23  3:01  Roach Warren  
  23  3:04  Extractor  
  23  3:05  Spine Crawler  
  20  3:17  Baneling Nest  
  19  3:21  Zergling x8  
  19  3:22  Zergling x4  
  21  3:33  Queen  
  22  3:45  Roach  
  24  4:01  Roach x2  
Show
View Real Time Build Order
Export as new Build Order

Poy Protoss - Winner!

Build Orders:  

Get SALT Encoding   

  12  0:00  Probe  
  13  0:13  Probe  
  14  0:22  Pylon  
  14  0:25  Probe  
  15  0:40  Probe  
  16  0:48  Pylon  
  16  0:52  Probe  
  17  1:04  Probe  
  17  1:08  Gateway  
  17  1:10  Gateway  
  18  1:19  Gateway  
  18  1:23  Probe  
  19  1:27  Assimilator  
  19  1:35  Probe  
  20  1:48  Zealot  
  20  1:49  Zealot  
  20  1:54  Pylon  
  24  2:03  Probe  
  25  2:12  Cybernetics Core, Zealot  
  25  2:15  Probe  
  28  2:33  Zealot x2  
  32  2:45  Zealot  
  32  2:51  Shield Battery  
  34  2:53  Shield Battery  
  34  2:58  Probe  
  35  2:59  Assimilator  
  35  3:02  Pylon  
  35  3:07  Zealot  
  35  3:10  Probe  
  38  3:17  Pylon  
  44  3:45  Shield Battery  
  38  3:51  Shield Battery  
  38  3:57  Nexus  
Tags
 
Add a new tag
Caveats
  • Supply blocks, unpowered buildings, or Contaminate may cause inaccurate times.
  • Supply counts are checked every 10 seconds.